Map: Pillars of Gold LE

Players

Massa - Winner!

  • Race: Terran Terran
  • League: Platinum
  • Spawn Location: 7:00

MrGlox

  • Race: Terran Terran
  • League: Diamond
  • Spawn Location: 1:00

VOD

Have the link to the VOD?

Description

Time

  • Played on: Jan. 22, 2021, 11:54 a.m.
  • Length: 21:35
Show
View Real Time Build Order
Export as new Build Order

Massa Terran - Winner!

Build Orders: Reaper Expand 

Get SALT Encoding   

  12  0:00  SCV  
  13  0:12  SCV  
  14  0:19  Supply Depot  
  14  0:24  SCV  
  15  0:40  SCV  
  15  0:42  Barracks  
  16  0:48  Refinery  
  16  0:53  SCV  
  17  1:05  SCV  
  18  1:17  SCV  
  19  1:31  Orbital Command  
  19  1:44  Command Center  
  19  2:02  Supply Depot  
  19  2:04  Factory  
  19  2:11  Reaper  
  19  2:12  SCV  
  21  2:26  SCV  
  22  2:38  SCV  
  23  2:48  Hellion  
  23  2:49  Barracks Reactor  
  24  2:53  SCV  
  24  2:57  Refinery  
  25  3:01  Orbital Command  
  25  3:06  SCV  
  25  3:10  Starport  
  26  3:13  Hellion  
  28  3:30  Marine x2  
  28  3:33  SCV x2  
  31  3:35  Hellion  
  33  3:45  SCV x2  
  33  3:48  Marine x2  
  35  3:49  Starport Tech Lab  
  37  3:57  SCV x2  
  37  4:08  Marine x2  
  38  4:10  Hellion  
  24  4:51  SCV x2  
  26  4:54  Banshee  
  26  4:56  Cloaking Field  
  26  4:59  Marine x2  
  31  5:03  SCV x2, Factory Tech Lab  
  33  5:15  SCV x2  
  33  5:17  Marine x2  
  37  5:22  Engineering Bay  
  37  5:27  SCV x2  
  39  5:30  Siege Tank  
  39  5:35  Marine x2  
  44  5:39  SCV x2  
  46  5:45  Refinery  
  46  5:49  Refinery  
  46  5:50  Command Center  
  46  5:59  Supply Depot  
  46  6:00  Supply Depot  
  46  6:01  Barracks  
  46  6:08  Barracks  
  46  6:21  Banshee, Marine x2, SCV x2  
  46  6:23  Supply Depot  
  46  6:25  Supply Depot  
  53  6:35  SCV x2  
  53  6:38  Marine x2  
  57  6:47  SCV  
  57  6:48  SCV  
  59  6:56  Marine  
  59  6:59  SCV  
  61  7:06  Banshee  
  61  7:08  SCV  
  61  7:12  SCV  
  63  7:15  Siege Tank  
  63  7:20  SCV  
  67  7:24  SCV  
  67  7:27  Barracks Tech Lab x2  
  67  7:28  Marine x2  
  70  7:32  SCV  
  70  7:36  SCV  
  72  7:45  SCV  
  72  7:48  SCV, Siege Tank  
  77  7:52  Marauder x2, Marine x2  
  83  8:13  Marine x2  
  83  8:14  Marauder x2  
  83  8:15  Stimpack  
  83  8:17  Combat Shield  
  86  8:20  Siege Tank  
  86  8:23  Planetary Fortress  
  86  8:25  SCV x2  
  91  8:31  Marine x2  
  93  8:40  Terran Infantry Weapons Level 1  
  93  8:42  Supply Depot  
  93  8:44  Supply Depot  
  93  8:50  Barracks  
  93  8:52  Barracks  
  93  9:03  Marine x4  
  93  9:04  SCV x3  
  100  9:16  SCV x3  
  103  9:21  Marine  
  103  9:22  Marauder x2  
  108  9:28  SCV  
  109  9:35  Concussive Shells  
  109  9:43  Supply Depot  
  109  9:45  Supply Depot  
  109  9:46  SCV x3, Medivac, Supply Depot  
  109  9:47  Supply Depot  
  109  9:49  Barracks Reactor, Barracks Tech Lab  
  109  9:50  Armory  
  109  9:51  Marauder x2, Marine x2  
  117  9:57  Refinery  
  117  10:04  SCV x3  
  117  10:05  Missile Turret  
  120  10:07  Supply Depot  
  120  10:09  Marine x2, Missile Turret, Supply Depot  
  120  10:11  Sensor Tower  
  120  10:12  Marauder x2, Supply Depot  
  126  10:16  SCV x3, Medivac  
  128  10:27  Marine x2  
  130  10:28  SCV  
  130  10:32  Marauder, Marine x2  
  130  10:34  Marauder x2  
  139  10:44  Marine  
  139  10:45  Raven  
  126  10:53  Marauder  
  126  10:55  SCV, Marauder  
  126  10:56  SCV x2  
  133  11:08  SCV x3  
  136  11:12  Sensor Tower  
  136  11:13  Command Center  
  136  11:20  SCV  
  108  11:32  Marauder  
  108  11:33  Marauder x2, Marine x2  
  108  11:34  Marine x2  
  99  11:51  Marine x3  
  99  11:52  Marine  
  99  11:54  Terran Infantry Armor Level 1, Marauder x3  
  102  11:56  Terran Vehicle Weapons Level 1  
  102  11:57  Siege Tank  
  104  12:09  Marine  
  104  12:15  Marauder x3  
  105  12:17  Medivac  
  107  12:26  Marine  
  107  12:27  Marine x3  
  107  12:29  Siege Tank  
  112  12:31  SCV x3  
  112  12:34  Planetary Fortress  
  112  12:37  Marauder x3  
  121  12:41  Missile Turret  
  121  12:43  SCV x3  
  124  12:44  Marine  
  124  12:45  Marine x2  
  124  12:47  Medivac  
  117  12:53  Marine  
  117  12:55  SCV  
  117  12:58  Marauder x3  
  117  13:02  SCV x2, Marine  
  117  13:03  Marine x2  
  122  13:07  SCV  
  122  13:11  Marine  
  124  13:15  SCV x2, Engineering Bay  
  124  13:18  Armory  
  124  13:19  SCV, Marauder x2  
  133  13:20  Marauder, Marine x3  
  133  13:23  Starport  
  133  13:27  SCV x2  
  138  13:29  Marine  
  138  13:33  Refinery  
  139  13:35  Refinery  
  139  13:41  Marauder x3, Marine  
  145  13:42  Barracks x2, Marine x2  
  145  13:47  Terran Infantry Weapons Level 2, Marine  
  149  13:50  Terran Vehicle And Ship Armor Level 1  
  149  13:53  Command Center  
  149  13:59  Marine  
  149  14:00  Marine x2  
  149  14:02  Marauder x3  
  156  14:04  Marine  
  150  14:17  Starport Reactor, Marine x3  
  150  14:22  Marine  
  150  14:23  Marauder  
  150  14:24  Marauder x2  
  160  14:35  Marine x2  
  160  14:45  Marauder x3  
  132  14:58  Barracks Reactor, Barracks Tech Lab  
  114  15:00  Marine x4  
  114  15:01  SCV x2  
  114  15:02  SCV x2  
  114  15:04  Planetary Fortress  
  114  15:06  Marauder x3  
  128  15:08  Sensor Tower  
  128  15:09  Raven  
  128  15:10  Medivac x2  
  128  15:12  Siege Tank  
  128  15:13  SCV x2  
  139  15:14  SCV x2  
  139  15:17  Marine  
  139  15:18  Marine x3  
  139  15:19  Factory  
  139  15:20  Refinery, Factory  
  145  15:25  SCV  
  145  15:26  SCV x3  
  145  15:27  Marine  
  145  15:28  Marauder x2  
  154  15:35  Marine  
  154  15:36  Marine x3, Command Center  
  154  15:37  Sensor Tower  
  154  15:38  SCV  
  154  15:40  Medivac x2  
  163  15:44  Siege Tank  
  163  15:45  Marine  
  158  15:52  Raven  
  153  16:05  Marauder x3, Marine  
  158  16:17  Siege Tank  
  144  16:32  Factory Tech Lab  
  144  16:33  Factory Tech Lab  
  144  16:46  Raven  
  142  16:47  Medivac x2  
  146  16:48  SCV x4  
  146  16:49  SCV, Siege Tank  
  146  16:52  Refinery, Planetary Fortress  
  158  16:54  Barracks Reactor  
  158  16:56  Sensor Tower  
  158  16:59  Refinery  
  158  17:01  Terran Infantry Armor Level 2, Refinery, Terran Infantry Weapons Level 3  
  158  17:02  Terran Vehicle Weapons Level 2  
  158  17:06  Siege Tank  
  161  17:17  Medivac x2  
  161  17:18  Refinery  
  161  17:21  Siege Tank  
  168  17:28  Raven  
  170  17:39  Command Center  
  168  17:48  Medivac x2  
  167  18:16  Marauder x3, Marine  
  167  18:17  Marauder  
  122  18:34  Marine  
  122  18:35  Marine x5, Siege Tank  
  122  18:36  Siege Tank x2  
  122  18:37  Marauder  
  122  18:38  Marauder x3  
  145  18:50  Planetary Fortress  
  145  18:52  Marine x2  
  147  18:57  Command Center  
  147  18:59  Marauder x4  
  147  19:01  Smart Servos  
  155  19:08  Siege Tank x3  
  164  19:11  Marine x5  
  164  19:12  Marine  
  170  19:20  Marauder  
  170  19:21  Marauder x3  
  164  19:29  Marine x6  
  170  19:40  Siege Tank x3  
  170  19:41  Marauder, Raven  
  170  19:42  Marauder x2, Marine, Medivac  
  190  19:46  Marine  
  190  19:47  Marine  
  192  19:59  Viking  
  194  20:00  Marauder  
  194  20:02  Marine  
  194  20:03  Marauder, Marine  
  200  20:12  Viking, Siege Tank  
  183  20:21  Marauder  
  183  20:24  Marauder, Raven  
  183  20:29  Viking  
  185  20:37  Marine  
  185  20:38  Marauder x2, Marine x5  
  197  20:43  Marauder  
  197  20:44  Siege Tank  
Show
View Real Time Build Order
Export as new Build Order

MrGlox Terran 

Build Orders: 1/1/1 

Get SALT Encoding   

  12  0:00  SCV  
  13  0:12  SCV  
  14  0:18  Supply Depot  
  14  0:24  SCV  
  15  0:35  Refinery  
  15  0:40  SCV  
  16  0:45  Barracks  
  16  0:52  SCV  
  17  0:59  Refinery  
  17  1:04  SCV  
  18  1:16  SCV  
  19  1:28  SCV  
  20  1:33  Factory  
  20  1:39  Reaper  
  21  1:42  Orbital Command  
  21  2:06  Supply Depot x2  
  21  2:11  Reaper, SCV  
  23  2:21  Starport  
  23  2:28  SCV  
  26  2:31  Hellion  
  26  2:40  SCV  
  26  2:43  Reaper  
  28  2:52  SCV, Hellion  
  28  2:57  Medivac  
  33  3:04  SCV  
  34  3:15  Command Center  
  34  3:16  SCV  
  35  3:24  Factory Tech Lab  
  35  3:25  Barracks Reactor  
  35  3:28  SCV  
  36  3:38  Starport Tech Lab  
  36  3:40  SCV  
  37  3:47  Engineering Bay  
  37  3:51  Supply Depot  
  31  4:50  Marine x2  
  31  4:51  Orbital Command  
  32  4:53  SCV  
  32  4:55  Supply Depot  
  33  5:03  Barracks x2, Command Center  
  33  5:05  SCV, Factory  
  34  5:10  Cyclone  
  37  5:15  Refinery  
  37  5:16  Refinery  
  37  5:18  SCV  
  37  5:19  Supply Depot  
  38  5:26  Raven  
  40  5:29  SCV  
  40  5:30  SCV  
  40  5:33  Marine x2  
  44  5:41  SCV  
  44  5:42  SCV, Supply Depot  
  46  5:48  Siege Tank  
  49  5:50  Factory Tech Lab  
  49  5:51  Barracks Tech Lab x2  
  49  6:04  SCV  
  49  6:05  SCV, Supply Depot  
  51  6:17  SCV x2  
  53  6:19  Stimpack  
  53  6:20  Starport Reactor  
  53  6:22  Siege Tank x2  
  53  6:25  Combat Shield  
  59  6:26  Marauder x2, Marine x2  
  56  7:11  Missile Turret  
  56  7:15  Missile Turret  
  56  7:18  Terran Infantry Armor Level 1  
  56  7:19  Missile Turret  
  56  7:23  SCV  
  56  7:24  SCV, Armory, Engineering Bay  
  56  7:27  Orbital Command  
  58  7:34  Missile Turret  
  58  7:36  SCV  
  59  7:42  Marine x4  
  63  7:51  SCV x2  
  65  7:59  Concussive Shells  
  65  8:00  Marine  
  65  8:03  SCV  
  67  8:11  Orbital Command  
  67  8:14  Marauder x2, Marine  
  67  8:17  Marine  
  73  8:25  Siege Tank x2  
  73  8:26  Medivac x2  
  83  8:32  Marine  
  83  8:33  Terran Infantry Weapons Level 1  
  84  8:34  Terran Vehicle Weapons Level 1  
  84  8:35  Marine x3  
  84  8:36  SCV x3  
  90  8:48  SCV x3  
  93  8:50  Marine  
  93  8:53  Refinery, Marauder x2, Marine  
  99  9:07  Marine  
  100  9:11  Marine  
  100  9:15  Marauder x2  
  100  9:16  SCV  
  100  9:17  SCV, Barracks  
  107  9:18  Refinery  
  107  9:19  Barracks  
  107  9:25  Marine  
  107  9:29  Marine  
  109  10:14  Marine  
  109  10:15  Marauder  
  109  10:17  Marauder  
  104  10:24  Marine  
  105  10:31  Barracks Reactor x2  
  105  10:32  Marine, Medivac  
  108  10:38  Marauder, Medivac  
  108  10:39  Terran Infantry Armor Level 2, Marauder, Terran Infantry Weapons Level 2  
  108  10:40  Supply Depot  
  108  10:41  Supply Depot x3  
  108  10:42  Marine  
  115  10:44  Supply Depot  
  88  10:50  Marine  
  84  11:00  Marauder x2, Marine  
  84  11:01  SCV x3  
  84  11:04  Supply Depot x2  
  92  11:05  Siege Tank x2  
  92  11:08  Marine  
  99  11:13  SCV x2  
  99  11:14  Terran Vehicle Weapons Level 2  
  99  11:17  Marine  
  102  11:21  Marauder x2  
  102  11:26  Marine  
  83  11:36  Marine x3  
  83  11:37  Siege Tank  
  69  11:42  Marauder  
  69  11:43  Marauder  
  64  11:49  Marine x3  
  59  11:54  Marine x3  
  59  11:59  Medivac x2  
  63  12:04  Marauder x2  
  63  12:07  Marine x3  
  70  12:12  Marine x3  
  65  12:25  Marauder x2, Marine x3  
  65  12:28  Medivac  
  65  12:29  Marine  
  74  12:30  Marine x2, Supply Depot  
  74  12:32  Supply Depot  
  74  12:35  SCV  
  74  12:36  SCV x2  
  80  12:43  Marine x2  
  82  12:47  Marauder x2  
  82  12:48  SCV  
  84  12:58  Marine x4  
  84  12:59  SCV  
  84  13:00  SCV, Marine  
  84  13:01  Marine  
  84  13:02  SCV  
  92  13:08  Marauder x2  
  92  13:11  SCV  
  92  13:12  SCV  
  98  13:14  SCV, Siege Tank  
  98  13:15  Siege Tank  
  98  13:16  Marine, Medivac  
  98  13:18  Medivac  
  110  13:28  SCV x3  
  110  13:29  Marauder  
  110  13:30  Marauder  
  110  13:32  Marine  
  110  13:33  Marine x5  
  123  13:40  SCV  
  124  13:47  Siege Tank x2  
  130  13:50  Marine  
  130  13:51  Terran Infantry Armor Level 3, Marauder x2, Marine x3  
  130  13:52  Terran Infantry Weapons Level 3  
  122  14:12  Marauder  
  122  14:15  Marauder, Marine x4  
  122  14:16  Marine x2  
  132  14:19  Siege Tank x2  
  138  14:33  Marauder  
  138  14:37  Marauder  
  136  14:51  Siege Tank  
  123  14:55  Marauder  
  123  14:57  Marine x5  
  123  14:58  Marauder, Marine  
  130  15:02  Siege Tank  
  133  15:14  Marine x2  
  133  15:15  Marine x4  
  133  15:16  Marauder  
  133  15:19  Marauder, Sensor Tower  
  144  15:21  SCV x3  
  144  15:22  Sensor Tower  
  144  15:23  Siege Tank  
  149  15:32  Marine x3  
  149  15:34  Command Center  
  152  15:38  Marauder  
  152  15:41  Marauder  
  142  15:59  Marauder  
  142  16:02  Marauder  
  103  16:20  Marauder  
  103  16:23  Marauder  
  103  16:25  Medivac x2  
  105  16:26  Marine x5  
  105  16:27  Marine  
  111  16:42  Marauder  
  111  16:43  Refinery  
  111  16:44  Marine x6  
  111  16:45  Marauder  
  111  16:46  Planetary Fortress  
  113  16:55  Medivac  
  115  17:02  Marine x3  
  115  17:03  Marauder  
  115  17:06  Marauder  
  122  17:13  SCV x3  
  125  17:18  Marine  
  125  17:19  Marine x4  
  125  17:20  Marine  
  125  17:22  Refinery  
  131  17:24  Refinery  
  131  17:25  Marauder  
  131  17:27  Starport x2  
  131  17:28  Starport, Marauder  
  135  17:35  Terran Vehicle And Ship Armor Level 1  
  135  17:36  Marine  
  136  17:38  Neosteel Armor  
  136  17:39  Armory  
  136  17:40  SCV x3  
  139  17:46  Marauder, Fusion Core  
  139  17:49  Marauder  
  137  18:05  Starport Tech Lab x3  
  137  18:07  Marauder  
  119  18:29  Marauder  
  121  18:36  Battlecruiser  
  121  18:37  Battlecruiser x2  
  139  18:42  SCV  
  139  18:43  SCV x2  
  139  18:45  SCV  
  143  18:50  Marauder  
  143  18:52  Battlecruiser  
  143  18:55  SCV x2  
  153  18:56  Command Center  
  153  18:57  SCV  
  153  18:58  SCV  
  155  19:03  Marine x8  
  155  19:07  SCV  
  160  19:11  Marine  
  154  19:20  Marine  
  154  19:21  Marine x2  
  133  19:41  Battlecruiser x2  
  145  19:54  Refinery  
  142  20:10  Refinery  
  107  20:28  Battlecruiser x2  
  107  20:31  Marine  
  107  20:32  Marine x8  
  122  20:37  Planetary Fortress  
  119  20:49  Marine  
  124  20:50  Marine x8  
Tags
 
Add a new tag
Caveats
  • Supply blocks, unpowered buildings, or Contaminate may cause inaccurate times.
  • Supply counts are checked every 10 seconds.